Map: Blackrock LE

Players

Halo - Winner!

  • Race: Zerg Zerg

A.I. 1 (Very Hard)

  • Race: Protoss Protoss

VOD

Have the link to the VOD?

Description

Time

  • Played on: Aug. 5, 2026, 4:38 p.m.
  • Length: 9:03
Show
View Real Time Build Order
Export as new Build Order

Halo Zerg - Winner!

Build Orders: Hatch First 

Get SALT Encoding   

  8  0:02  Drone  
  9  0:11  Drone  
  10  0:16  Drone  
  11  0:22  Drone  
  11  0:27  Extractor  
  11  0:30  Drone  
  13  0:39  Overlord  
  13  0:58  Drone x2  
  15  1:13  Hatchery  
  15  1:17  Drone  
  15  1:20  Drone  
  16  1:37  Spawning Pool  
  15  1:41  Extractor  
  15  1:42  Drone  
  15  1:46  Drone  
  16  1:50  Drone  
  16  1:52  Drone  
  18  2:02  Drone  
  19  2:12  Overlord  
  19  2:22  Drone  
  20  2:30  Queen  
  20  2:31  Queen  
  20  2:36  Zergling x4  
  26  2:40  Drone  
  27  2:48  Metabolic Boost  
  27  2:50  Drone  
  28  2:56  Overlord  
  28  2:59  Drone  
  28  3:03  Drone  
  28  3:05  Drone  
  31  3:23  Hatchery  
  30  3:32  Queen  
  30  3:34  Drone  
  33  3:36  Drone  
  34  3:41  Overlord  
  34  3:46  Drone x2  
  36  3:49  Drone  
  36  3:54  Overlord  
  38  4:02  Drone  
  38  4:03  Drone x3  
  38  4:05  Drone  
  42  4:11  Extractor  
  42  4:13  Drone  
  42  4:14  Baneling Nest  
  42  4:15  Drone  
  42  4:18  Drone  
  42  4:21  Drone  
  42  4:24  Drone  
  45  4:35  Queen  
  47  4:43  Drone  
  48  4:46  Zergling x2  
  48  4:47  Zergling x10  
  54  4:56  Drone x3  
  57  5:03  Drone x2  
  57  5:07  Drone  
  60  5:09  Overlord  
  60  5:10  Overlord  
  60  5:15  Overlord  
  60  5:28  Lair  
  60  5:29  Evolution Chamber  
  60  5:30  Drone x2, Evolution Chamber  
  60  5:32  Drone x5  
  60  5:33  Drone x4  
  69  5:38  Drone  
  70  5:44  Overlord x2  
  70  5:45  Zergling x10  
  75  5:52  Zergling x2  
  75  5:53  Zergling x2  
  77  5:58  Zerg Melee Weapons Level 1, Zerg Ground Armor Level 1  
  77  6:04  Overlord x2  
  77  6:07  Zergling x14  
  77  6:08  Zergling x4  
  77  6:09  Zergling x2  
  87  6:13  Zergling x2  
  88  6:25  Centrifugal Hooks  
  88  6:27  Zergling x10  
  88  6:30  Overlord x2  
  93  6:33  Zergling x6  
  93  6:36  Baneling x7  
  93  6:37  Baneling x12  
  96  6:48  Overlord x2  
  96  6:51  Zergling x12  
  102  7:15  Zergling x2  
  102  7:16  Zergling x24  
  102  7:20  Overlord  
  115  7:30  Overlord  
  115  7:31  Overlord x2  
  115  7:32  Zergling x2  
  115  7:33  Zergling x8  
  115  7:34  Zergling x2  
  115  7:35  Zergling x6  
  124  7:41  Zergling x4, Hatchery  
  125  7:49  Zergling x4  
  127  7:53  Hatchery, Zergling x2  
  118  8:13  Zergling x2  
  118  8:14  Zergling x12  
  113  8:31  Hatchery x2  
  113  8:33  Zergling x12  
  117  8:47  Drone x5  
Show
View Real Time Build Order
Export as new Build Order

A.I. 1 (Very Hard) Protoss 

Build Orders: Mass Adepts, Zealot Archon 

Get SALT Encoding   

  8  0:00  Probe  
  9  0:13  Probe  
  10  0:25  Probe  
  11  0:37  Probe  
  12  0:48  Pylon  
  12  0:49  Probe  
  13  1:02  Probe  
  13  1:10  Gateway, Probe  
  15  1:18  Assimilator  
  15  1:20  Probe  
  16  1:32  Probe, Pylon  
  17  1:44  Probe  
  18  1:56  Probe  
  18  2:00  Cybernetics Core  
  19  2:02  Zealot  
  19  2:04  Probe  
  22  2:12  Probe  
  22  2:16  Gateway  
  22  2:22  Probe  
  23  2:29  Pylon  
  24  2:34  Probe  
  24  2:36  Zealot  
  27  2:42  Warp Gate  
  27  2:46  Probe  
  28  2:54  Adept  
  28  2:59  Probe  
  28  3:02  Adept  
  33  3:10  Gateway  
  33  3:18  Gateway  
  33  3:25  Adept  
  33  3:33  Pylon  
  35  3:35  Probe  
  36  3:51  Adept  
  36  3:52  Adept  
  38  3:56  Adept  
  42  4:04  Adept  
  42  4:05  Pylon  
  44  4:19  Probe  
  47  4:29  Stalker  
  49  4:33  Adept  
  51  4:40  Adept  
  51  4:42  Adept  
  53  4:45  Pylon  
  53  4:47  Assimilator  
  53  5:03  Stalker  
  53  5:05  Zealot  
  57  5:08  Stalker  
  57  5:13  Probe  
  59  5:17  Pylon  
  59  5:19  Stalker  
  61  5:35  Zealot  
  63  5:38  Robotics Facility  
  63  5:42  Adept  
  63  5:46  Pylon  
  65  6:07  Twilight Council  
  65  6:34  Nexus  
  65  6:47  Templar Archives  
  65  7:16  Pylon  
  65  7:24  High Templar  
  67  7:35  High Templar  
  69  7:41  Archon  
  69  7:46  Probe  
  69  7:47  Probe  
  69  7:49  Forge  
  71  7:55  Assimilator  
  71  7:57  Assimilator  
  71  7:58  Probe  
  71  7:59  Probe  
  71  8:03  High Templar  
  71  8:05  Zealot x2  
  79  8:08  Pylon  
  79  8:10  Zealot, Probe  
  79  8:12  Probe  
  58  8:23  Probe  
  24  8:27  Zealot x2  
  24  8:32  High Templar  
  28  8:35  Probe  
  29  8:45  Zealot x2  
  29  8:47  Probe  
Tags
 
Add a new tag
Caveats
  • Supply blocks, unpowered buildings, or Contaminate may cause inaccurate times.
  • Supply counts are checked every 10 seconds.